Get step-by-step instructions on how to execute this build order below. Start the game timer, and the build order will tick by so you can play in parallel with StarCraft on a second screen or mobile device.

Game Time

  0:00

Last Step

  N/A

Next Step

  12  0:00  Probe  

Upcoming Step

  13  0:12  Probe  

Don't want to look back and forth between 2 screens? Try out our Overwolf App, the Spawning Tool Build Advisor to get an in-game overlay with this build!

Complete Build Order

  12  0:00  Probe  
  13  0:12  Probe  
  14  0:19  Pylon  
  14  0:24  Probe  
  15  0:34  Probe  
  15  0:41  Gateway  
  15  0:42  Probe  
  16  0:46  Assimilator  
  17  0:51  Probe  
  18  0:58  Assimilator  
  18  1:03  Probe  
  19  1:10  Gateway  
  19  1:15  Probe  
  20  1:27  Probe  
  20  1:28  Cybernetics Core  
  21  1:39  Probe  
  22  1:42  Pylon  
  22  1:51  Probe  
  23  2:03  Probe  
  23  2:05  Sentry, Stalker  
  28  2:19  Warp Gate  
  28  2:31  Stalker  
  30  2:40  Pylon  
  30  2:46  Twilight Council  
  30  2:47  Probe  
  31  3:01  Stalker  
  33  3:06  Blink  
  33  3:10  Shield Battery  
  33  3:16  Stalker  
  33  3:17  Nexus  
  35  3:45  Robotics Facility  
  35  3:52  Probe  
  36  4:00  Pylon  
  36  4:26  Observer  
  36  4:32  Shield Battery  
  37  4:41  Stalker x2  
  37  4:43  Immortal  
  41  4:49  Pylon  
  41  4:52  Gateway  
  45  5:01  Probe  
  45  5:03  Pylon  
  46  5:09  Immortal  
  46  5:21  Stalker  
  46  5:22  Stalker  
  54  5:35  Gateway  
  54  5:44  Charge  
  54  5:45  Probe  
  57  5:57  Stalker x2  
  57  6:26  Stalker x3  
  63  6:33  Probe x2  
  65  6:45  Probe  
  65  6:46  Probe  
  61  6:50  Stalker x3  
  62  6:59  Observer  
  53  7:20  Immortal, Probe x2  
  54  7:25  Zealot x3  
  60  7:32  Probe x2  
  60  7:34  Forge  
  62  7:44  Probe x2  
  64  7:52  Assimilator  
  64  7:54  Assimilator  
  64  7:56  Zealot x2, Probe x2  
  70  8:00  Pylon  
  66  8:18  Zealot x3